 Dungeon Crawl Stone Soup version 0.11.0-24-g666f47c (console) character file.

329 Jerek the Insei (level 5, -1/34 HPs)
             Began as a Sludge Elf Transmuter on Oct 31, 2012.
             Slain by an orc wizard
             ... wielding a +0,+1 orcish dagger
              (2 damage)
             ... on Level 4 of the Dungeon.
             The game lasted 00:29:10 (3515 turns).

Jerek the Insei (Sludge Elf Transmuter)             Turns: 3515, Time: 00:29:10

HP  -1/34        AC  3     Str 11      XL: 5   Next: 19%
MP  11/11        EV 13     Int 14      God:
Gold 192         SH  0     Dex 15      Spells:  3 memorised,  4 levels left

Res.Fire  : . . .   See Invis. : .     - Unarmed
Res.Cold  : . . .   Warding    : .   c - +0 elf robe
Life Prot.: . . .   Conserve   : .   (no shield)
Res.Poison: .       Res.Corr.  : .   o - +0 horned helmet
Res.Elec. : .       Clarity    : .   (no cloak)
Sust.Abil.: . .     Spirit.Shd : .   (no gloves)
Res.Mut.  : .       Stasis     : .   (boots unavailable)
Res.Rott. : .       Ctrl.Telep.: .   (no amulet)
Saprovore : . . .   Levitation : .   (no ring) Ctrl.Flight: .
                                     (no ring)

@: appendage, slightly resistant to hostile enchantments, unstealthy
A: talons 3
a: End Transformation


You were on level 4 of the Dungeon.
You were not hungry.
You had grown temporary talons.
You visited 1 branch of the dungeon, and saw 4 of its levels.

You collected 172 gold pieces.

Inventory:

Hand weapons
 t - a +0,+0 sling
Missiles
 b - 30 arrows
 u - 15 stones (quivered)
Armour
 c - a +0 elven robe (worn)
 o - a +0 horned helmet (worn)
Comestibles
 a - 3 bread rations
 f - 3 meat rations
 v - a choko
 z - a beef jerky
 A - a chunk of giant gecko flesh
 B - a banana
Scrolls
 e - a scroll of blinking {unknown}
 g - a scroll of teleportation {unknown}
 k - 2 scrolls of identify {unknown}
 l - a scroll of curse jewellery {unknown}
 n - a scroll of recharging {unknown}
 r - a scroll of curse armour {unknown}
 s - 3 scrolls of remove curse {unknown}
 x - a scroll of enchant weapon II {unknown}
Potions
 h - 3 potions of curing
 i - 3 potions of slowing {unknown}
 j - a potion of heal wounds {unknown}
 p - a potion of mutation {unknown}
 q - a potion of restore abilities {unknown}
 w - 2 potions of brilliance {unknown}
Books
 d - a book of Changes

   Spells                             Type                      Level
   *Beastly Appendage                 Transmutation                1
   *Sticks to Snakes                  Transmutation                2
   *Spider Form                       Transmutation/Poison         3
   Ice Form                           Ice/Transmutation            4
   Blade Hands                        Transmutation                5


   Skills:
 + Level 2.2 Fighting
 * Level 3.2 Dodging
 * Level 4.1 Unarmed Combat
 + Level 3.3 Spellcasting
 * Level 4.0 Transmutations


You had 4 spell levels left.
You knew the following spells:

 Your Spells              Type           Power        Failure   Level  Hunger
a - Beastly Appendage     Trmt           ###....      4%          1    #......
b - Sticks to Snakes      Trmt           ###.......   10%         2    ##.....
c - Spider Form           Trmt/Pois      ##........   30%         3    ###....


Dungeon Overview and Level Annotations

Branches:
Dungeon (4/27)
 Temple: D:4-7

Altars:
Nemelex Xobeh

Shops:
D:4: /


Innate Abilities, Weirdness & Mutations

You have claws for feet.*


Message History

Drink which item? (? for menu, Esc to quit)
You feel better.
The orc wizard gestures at you while chanting.
The puff of flame hits you!
One of your 2 scrolls labeled STIQELI TEMIRGH catches fire!
One of your 2 scrolls labeled NYRI XOXZE catches fire!
One of your 3 scrolls labeled SKOETE COEKH catches fire!
* * * LOW HITPOINT WARNING * * *
Drink which item? (? for menu, Esc to quit)
Okay, then.
Drink which item? (? for menu, Esc to quit)
Okay, then.
Unknown command.
You aren't carrying any items that can be evoked.
Read which item? (? for menu, Esc to quit)
As you read the scroll labeled SKOETE COEKH, it crumbles to dust.
Use on which item? (\ to view known items) (? for menu, Esc to quit)
Nothing appears to happen.
The orc wizard hits you with an orcish dagger.
You die...

#.# #.#
#.############.########
#..........[...........
##############.########
#.# #)#
#########)#######
#.......).........
##.....(..........
.........).........
##.....@....######
#.....o..(.#
#####o###### .( ...
#... ####


You could see 2 orc wizards.

Vanquished Creatures
  An orc priest (D:4)
  A giant mite (D:1)
  2 giant geckos
  2 oozes (D:1)
  4 orcs
  7 hobgoblins
  10 jackals
  A quokka (D:2)
  A ball python (D:1)
  12 bats
  6 giant cockroaches
  2 giant newts
  9 goblins
  8 kobolds
  9 rats
  A toadstool (D:3)
76 creatures vanquished.

Vanquished Creatures (collateral kills)
  A jelly (D:4)
  An adder (D:2)
  A bat (D:4)
3 creatures vanquished.

Vanquished Creatures (others)
  4 toadstools (D:1)
4 creatures vanquished.

Grand Total: 83 creatures vanquished

Notes
Turn   | Place    | Note
--------------------------------------------------------------
     0 | D:1      | Jerek, the Sludge Elf Transmuter, began the quest for the Orb.
     0 | D:1      | Reached XP level 1. HP: 13/13 MP: 1/1
   116 | D:1      | Reached XP level 2. HP: 13/18 MP: 4/4
   891 | D:1      | Reached XP level 3. HP: 21/23 MP: 4/6
  1680 | D:2      | Learned a level 2 spell: Sticks to Snakes
  1684 | D:2      | Learned a level 3 spell: Spider Form
  2054 | D:2      | Reached XP level 4. HP: 28/28 MP: 8/8
  3125 | D:4      | Found Crulanne's Magical Wand Emporium.
  3154 | D:3      | Reached skill level 4 in Unarmed Combat
  3339 | D:4      | Found a sparkling altar of Nemelex Xobeh.
  3406 | D:4      | Reached XP level 5. HP: 19/34 MP: 9/11
  3514 | D:4      | HP: 1/34 [orc wizard/puff of flame (13)]
  3515 | D:4      | Slain by an orc wizard
